 Dungeon Crawl Stone Soup version 0.29.1-15-g9cfb28693d (webtiles) character file.

Game seed: 13541071344455129830

506020 HawkII the Hoplite (level 25, -12/185 HPs)
             Began as a Vine Stalker Fighter on Mar 29, 2023.
             Was a High Priest of Elyvilon.
             Killed from afar by a war gargoyle (27 damage)
             ... with a spray of metal splinters
             ... on level 5 of the Vaults on Mar 31, 2023.
             The game lasted 04:55:24 (54829 turns).

HawkII the Hoplite (Vine Stalker Fighter)          Turns: 54829, Time: 04:55:24

Health: -12/185    AC: 33    Str: 39    XL:     25   Next: 36%
Magic:  0/44       EV: 17    Int: 12    God:    Elyvilon [*****.]
Gold:   8102       SH: 28    Dex: 21    Spells: 24/24 levels left

rFire   + + .      SeeInvis +   F - +3 double sword (protect)
rCold   + + .      Faith    .   c - +4 tower shield
rNeg    + . .      Spirit   +   Q - +5 chain mail of Midnight {Drain Regen+ Str+4 Dex+6}
rPois   +          Reflect  .   g - +3 crown of Dyrovepreva {rElec Int+2 SInv}
rElec   +          Harm     .   a - scarf {rC+ rF+}
rCorr   +          Rampage  .   n - +1 pair of gloves "Fail" {Regen+ Stlth+}
Will    +++++                   p - +1 pair of boots "Put-Me-On" {Regen+}
Stlth   ++........              V - amulet of the acrobat
HPRegen 3.60/turn               B - ring "Omum" {Drain rPois Will++ rCorr Int+2}
MPRegen 0.29/turn               O - ring "Izipil" {rN+ Str+5}

@: divinely vigorous, resistant, under a protective aura, studying Long Blades
A: fangs 3, regeneration 1, magic shield, antimagic bite, no potion heal 2
}: 2/15 runes: decaying, serpentine
a: Renounce Religion, Purification, Heal Other, Heal Self, Divine Vigour


You were on level 5 of the Vaults.
You worshipped Elyvilon.
Elyvilon was extremely pleased with you.
You visited 10 branches of the dungeon, and saw 46 of its levels.
You visited the Abyss 1 time.

You collected 9506 gold pieces.
You spent 1203 gold pieces at shops.
You donated 201 gold pieces to Zin.

Inventory:

Hand Weapons
 m - a +9 eudemon blade of holy wrath
 F - a +3 double sword of protection (weapon)
Missiles
 X - 19 javelins
Armour
 a - a scarf of resistance (worn)
 c - a +4 tower shield (worn)
 g - the +3 crown of Dyrovepreva (worn) {rElec Int+2 SInv}
   (You found it on level 1 of the Vaults)

   Int:       It affects your intelligence (+2).
   rElec:     It insulates you from electricity.
   SInv:      It lets you see invisible.
 l - a scarf of repulsion
 n - the +1 pair of gloves "Fail" (worn) {Regen+ Stlth+}
   (You found it on level 3 of the Depths)

   Regen:     It increases your rate of health regeneration.
   Stlth:     It makes you more stealthy.
 p - the +1 pair of boots "Put-Me-On" (worn) {Regen+}
   (You found it on level 3 of the Elven Halls)

   Regen:     It increases your rate of health regeneration.
 Q - the +5 chain mail of Midnight (worn) {Drain Regen+ Str+4 Dex+6}
   (You found it on level 12 of the Dungeon)

   Str:       It affects your strength (+4).
   Dex:       It affects your dexterity (+6).
   Regen:     It increases your rate of health regeneration.
   Drain:     It drains your maximum health when unequipped.
Jewellery
 d - a +6 ring of strength
 h - the ring of the Jackalope {rC+ EV+4}
   (You acquired it on level 11 of the Dungeon)

   [ring of evasion]

   EV:        It affects your evasion (+4).
   rC:        It protects you from cold.
 i - a +6 ring of strength
 j - a +4 ring of protection
 r - a +4 ring of protection
 t - a +6 ring of dexterity
 w - a +4 ring of evasion
 y - a ring of resist corrosion
 B - the ring "Omum" (left hand) {Drain rPois Will++ rCorr Int+2}
   (You found it on level 3 of the Crypt)

   [ring of poison resistance]

   Int:       It affects your intelligence (+2).
   rPois:     It protects you from poison.
   rCorr:     It protects you from acid and corrosion.
   Drain:     It drains your maximum health when unequipped.
   Will:      It greatly increases your willpower.
 G - a ring of flight
 J - the amulet "Equsuys" {Reflect Str+4 SH+5}
   (You took it off a deep elf sorcerer on level 3 of the Elven Halls)

   [amulet of reflection]

   It reflects blocked missile attacks.
   Str:       It affects your strength (+4).
   SH:        It affects your SH (+5).
 O - the ring "Izipil" (right hand) {rN+ Str+5}
   (You took it off a deep elf death mage on level 3 of the Elven Halls)

   [ring of positive energy]

   Str:       It affects your strength (+5).
   rN:        It protects you from negative energy.
 R - a ring of see invisible
 V - an amulet of the acrobat (around neck)
 Z - a ring of willpower
Wands
 f - a wand of digging (39)
 I - a wand of charming (41) (quivered)
 K - a wand of polymorph (21)
 P - a wand of light (7)
Scrolls
 q - 3 scrolls of immolation
 s - 18 scrolls of teleportation
 A - 2 scrolls of fear
 C - 2 scrolls of fog
 H - 4 scrolls of magic mapping
 L - a scroll of poison
 N - 4 scrolls of silence
 W - 3 scrolls of blinking
Potions
 b - 2 potions of invisibility
 e - 5 potions of might
 k - 5 potions of haste
 u - a potion of magic
 v - 2 potions of berserk rage
 x - 4 potions of mutation
 z - 27 potions of curing
 D - a potion of resistance
 E - 6 potions of attraction
 M - 3 potions of cancellation
 T - 4 potions of ambrosia
Miscellaneous
 o - a phantom mirror
 S - a lightning rod (4/4)
 U - a phial of floods


   Skills:
 + Level 18.5 Fighting
 + Level 0.6(13.1) Short Blades
 + Level 19.9(20.0) Long Blades
 - Level 1.8 Staves
 + Level 2.9 Throwing
 + Level 14.2 Armour
 + Level 11.4 Dodging
 + Level 7.0 Stealth
 + Level 21.7 Shields
 + Level 13.4 Invocations
 + Level 6.2 Evocations


You had 24 spell levels left.
You didn't know any spells.
Your spell library contained the following spells:

 Spells                   Type           Power      Damage    Failure   Level
 Apportation              Tloc           0%         N/A       83%         1
 Freeze                   Ice            0%         1d3       83%         1
 Magic Dart               Conj           0%         1d3       83%         1
 Sandblast                Erth           0%         2d4       83%         1
 Shock                    Conj/Air       0%         1d3       83%         1
 Slow                     Hex            0%         N/A       83%         1
 Sting                    Tmut/Pois      0%         1d3       83%         1
 Summon Small Mammal      Summ           0%         N/A       83%         1
 Blink                    Tloc           0%         N/A       92%         2
 Call Imp                 Summ           0%         N/A       92%         2
 Passwall                 Tmut/Erth      0%         N/A       92%         2
 Poisonous Vapours        Pois/Air       0%         N/A       92%         2
 Static Discharge         Conj/Air       0%         3-3/arc   92%         2
 Sublimation of Blood     Necr           0%         N/A       92%         2
 Wereblood                Tmut           0%         N/A       92%         2
 Call Canine Familiar     Summ           0%         N/A       99%         3
 Confusing Touch          Hex            0%         N/A       99%         3
 Dazzling Flash           Conj/Hex       0%         N/A       99%         3
 Frozen Ramparts          Ice            0%         1d1       99%         3
 Gell's Gravitas          Tloc           0%         N/A       99%         3
 Ignite Poison            Fire/Tmut/Pois 0%         N/A       99%         3
 Inner Flame              Hex/Fire       0%         N/A       99%         3
 Lesser Beckoning         Tloc           0%         N/A       99%         3
 Mephitic Cloud           Conj/Pois/Air  0%         N/A       99%         3
 Portal Projectile        Hex/Tloc       0%         N/A       99%         3
 Stone Arrow              Conj/Erth      0%         3d7       99%         3
 Summon Guardian Golem    Hex/Summ       0%         N/A       99%         3
 Swiftness                Air            0%         N/A       99%         3
 Teleport Other           Tloc           0%         N/A       99%         3
 Tukima's Dance           Hex            0%         N/A       99%         3
 Vampiric Draining        Necr           0%         2d6       99%         3
 Anguish                  Hex/Necr       0%         N/A       100%        4
 Cause Fear               Hex            0%         N/A       100%        4
 Corpse Rot               Necr/Pois/Air  0%         N/A       100%        4
 Fulminant Prism          Conj/Hex       0%         3d6       100%        4
 Hailstorm                Conj/Ice       0%         3d3       100%        4
 Ice Form                 Ice/Tmut       0%         N/A       100%        4
 Iskenderun's Mystic Bla  Conj/Tloc      0%         2d3       100%        4
 Leda's Liquefaction      Hex/Erth       0%         N/A       100%        4
 Olgreb's Toxic Radiance  Pois           0%         N/A       100%        4
 Passage of Golubria      Tloc           0%         N/A       100%        4
 Summon Ice Beast         Ice/Summ       0%         N/A       100%        4
 Summon Lightning Spire   Summ/Air       0%         N/A       100%        4
 Agony                    Necr           0%         N/A       100%        5
 Alistair's Intoxication  Tmut/Pois      0%         N/A       100%        5
 Blade Hands              Tmut           0%         N/A       100%        5
 Freezing Cloud           Conj/Ice/Air   0%         6-21      100%        5
 Lee's Rapid Deconstruct  Erth           0%         3d5*      100%        5
 Manifold Assault         Tloc           0%         N/A       100%        5
 Silence                  Hex/Air        0%         N/A       100%        5
 Summon Forest            Summ/Tloc      0%         N/A       100%        5
 Summon Mana Viper        Hex/Summ       0%         N/A       100%        5
 Yara's Violent Unravell  Hex/Tmut       0%         3d3       100%        5
 Starburst                Conj/Fire      0%         6d3       100%        6
 Statue Form              Tmut/Erth      0%         N/A       100%        6
 Summon Cactus Giant      Summ           0%         N/A       100%        6
 Dragon Form              Tmut           0%         N/A       100%        7
 Enfeeble                 Hex            0%         N/A       100%        7
 Orb of Destruction       Conj           0%         9d5       100%        7
 Spellforged Servitor     Conj/Summ      0%         N/A       100%        7
 Storm Form               Tmut/Air       0%         N/A       100%        7
 Summon Hydra             Summ           0%         N/A       100%        7
 Ignition                 Fire           0%         3d3       100%        8
 Maxwell's Capacitive Co  Air            0%         ∞         100%        8
 Necromutation            Tmut/Necr      0%         N/A       100%        8
 Dragon's Call            Summ           0%         N/A       100%        9


Dungeon Overview and Level Annotations

Branches:
Dungeon (15/15)            Temple (1/1) D:6            Lair (5/5) D:11
  Swamp (4/4) Lair:3        Snake (4/4) Lair:2        Slime (0/5) Lair:4
    Orc (2/2) D:10            Elf (3/3) Orc:2        Vaults (5/5) D:14
  Crypt (3/3) Vaults:2       Tomb (0/3) Crypt:3      Depths (4/4) D:15
    Zot (0/5) Depths:4

Altars:
Ashenzari
Cheibriados
Dithmenos
Elyvilon
Fedhas
Gozag
Hepliaklqana
Kikubaaqudgha
Makhleb
Nemelex Xobeh
Okawaru
Qazlal
Ru
Sif Muna
Trog
Uskayaw
Vehumet
Wu Jian
Xom
Yredelemnul
Zin
The Shining One
Jiyva

Shops:
D:5 :   D:6 [   D:10 *   Orc:2 *[*[   Elf:3 :   Snake:1 [(!   Vaults:4 ?
Depths:3 :=:

Portals:
Hell: Depths:1 Depths:2 Depths:3 Depths:4
Abyss: D:12 Depths:3 Depths:4
Pandemonium: Depths:2
Ziggurat: Depths:4

Annotations:
D:10 3 runed translucent doors, Frad's ghost, journeyman MiBe
D:12 2 transporters, p0werm0de's ghost, journeyman PaCK
Elf:1 6 runed translucent doors
Elf:2 3 runed translucent doors
Depths:1 4 transporters
Depths:2 2 transporters, Swamplord's ghost, adept HOMo


Innate Abilities, Weirdness & Mutations

You have razor-sharp teeth.
Your natural rate of healing is unusually fast.
When hurt, damage is shared between your health and your magic reserves.
Your bite disrupts and absorbs the magic of your enemies.
Potions cannot restore your health.


Message History

The titan waves its arms in wide circles.
The air twists around and strikes you!!!
Elyvilon protects you from harm!
You hear a shout! x2
Unknown command.
You slash the tentacled monstrosity!
The tentacled monstrosity explodes!
The fiery explosion engulfs the titan!!
The titan is moderately wounded.
The fiery explosion engulfs the war gargoyle but does no damage.
The war gargoyle is moderately damaged.
The fiery explosion engulfs the deep troll!!!
You kill the deep troll!
The troll leather armour is intact enough to wear.
The fiery explosion engulfs you! You resist.
* * * LOW HITPOINT WARNING * * *
You are engulfed in blazing flames.
You resist.
* * * LOW HITPOINT WARNING * * *
You hear a deafening roar!
You hear a shout!
You hear a deafening roar!
You hear a horrible gurgling sound!
The deep troll shaman calls upon its god to speed up the deep troll earth mage.
The deep troll earth mage seems to speed up.
The titan is engulfed in blazing flames.
You hit the war gargoyle. You bite the war gargoyle. You drain its power.
You feel invigorated.
The war gargoyle is heavily damaged.
You are engulfed in blazing flames.
You resist.
The war gargoyle is engulfed in blazing flames.
The war gargoyle hits you with a +4 flail of protection!
* * * LOW HITPOINT WARNING * * *
You hit the war gargoyle. Your bite misses the war gargoyle.
The war gargoyle is heavily damaged.
You are engulfed in blazing flames.
You resist.
* * * LOW HITPOINT WARNING * * *
An ettin comes into view. It is wielding two +0 dire flails.
The titan is engulfed in blazing flames.
You block the titan's attack.
The war gargoyle launches metal splinters at you.
The spray of metal splinters hits you!!
You die...

.###....#.##
#..#....#..#
#..........
###C.§§§§§.####
.....§§§§§.....
....§§§§§§§....
C..§§§C☼§§§....
...§§§9@§§§....
#...§§§§§§§####
.....§§§§§TT...
.....T§§§#.###.
.........#.#
....#....# #
....#....# ...
#....#


You could see 2 titans, an ettin (wandering), a deep troll, a war gargoyle
(catching breath), a deep troll earth mage (fast, empowered) and a deep troll
shaman.

Vanquished Creatures
  2 juggernauts
  Sojobo (Depths:2)
  A royal mummy (Crypt:3)
  Nikola (Swamp:2)
  2 caustic shrikes (Depths:3)
  2 profane servitors
  A bone dragon (Crypt:3)
  3 tentacled monstrosities
  3 liches
  3 titans
  2 deep elf blademasters (Elf:3)
  A quicksilver dragon (shapeshifter) (Vaults:1)
  4 deep elf master archers
  6 sphinxes
  3 shadow dragons
  Donald (Swamp:4)
  6 tengu reavers
  Agnes (Snake:1)
  A thorn hunter (Swamp:4)
  2 storm dragons (Depths:3)
  11 nagarajas
  8 fire giants
  Louise (Depths:3)
  Aizul (Snake:1)
  An iron dragon (Depths:3)
  2 orc warlords (Orc:1)
  12 frost giants
  12 vault wardens
  5 deep elf sorcerers (Elf:3)
  4 curse skulls
  A caustic shrike zombie (D:15)
  6 deep elf elementalists
  A draconian annihilator (Depths:4)
  A spriggan defender (Depths:3)
  16 ironbound preservers
  8 ghouls
  A juggernaut zombie (Crypt:3)
  33 very ugly things
  6 ironbound thunderhulks
  16 stone giants
  5 vampire knights
  4 deep elf demonologists
  8 dire elephants
  2 green draconians (Depths:4)
  An entropy weaver (Vaults:3)
  5 eleionomae
  Nessos (D:15)
  7 deep elf annihilators
  3 spark wasps (Depths:2)
  2 purple draconians
  A white draconian (Depths:4)
  8 bunyips (Swamp:4)
  3 red draconians (Depths:4)
  6 eidola
  A yellow draconian (Depths:4)
  Snorg (Orc:2)
  4 ettins
  5 deep elf death magi
  6 jiangshi
  4 spriggan zombies (Crypt:3)
  2 pearl dragon zombies (Crypt:1)
  8 fire dragons
  3 shambling mangroves
  6 deep elf high priests
  12 boulder beetles
  7 great orbs of eyes
  A quicksilver dragon zombie (Depths:3)
  9 ice dragons
  40 vault guards
  2 rakshasas
  2 salamander tyrants
  6 yaktaur captains
  Harold (Lair:2)
  5 catoblepae
  A hell beast (Depths:1)
  8 ironbound frosthearts
  11 anacondas
  34 hydras
  29 centaur warriors
  5 two-headed ogres
  An ogre mage (Vaults:1)
  12 naga warriors
  5 alligators
  6 deep troll shamans
  3 hell hogs (Crypt:1)
  A ghost crab (Swamp:2)
  5 death knights
  12 dancing weapons
  4 orc high priests
  A spriggan berserker (Swamp:2)
  5 tengu warriors
  11 death yaks
  2 titan zombies
  5 deep troll earth magi
  7 vampire magi
  14 hell knights
  6 sun demons (Depths:1)
  7 shock serpents
  8 naga sharpshooters
  A shock serpent (shapeshifter) (Elf:1)
  13 deep elf knights
  A titan skeleton (Depths:3)
  Amaemon (Lair:2)
  4 iron trolls (Depths:1)
  23 skeletal warriors
  A soul eater (Crypt:2)
  46 deep trolls
  A glowing orange brain (shapeshifter) (Vaults:1)
  2 spriggan druids
  5 goliath frogs
  5 salamander mystics
  A storm dragon skeleton (Depths:2)
  2 bunyip zombies (Crypt:3)
  5 naga ritualists
  5 bog bodies
  13 swamp dragons
  10 sea snakes (Snake:4)
  3 glowing orange brains
  8 flayed ghosts
  A death drake (Swamp:3)
  9 deep elf archers
  An orb spider (shapeshifter) (Vaults:1)
  A shadow demon (Depths:2)
  8 wizards
  A shadow dragon zombie (Depths:3)
  15 phantasmal warriors
  A harpy (shapeshifter) (D:15)
  23 deep elf pyromancers
  7 lindwurms
  16 harpies
  5 necromancers
  A tengu zombie (Depths:2)
  8 orc knights
  21 ironbound convokers
  9 mana vipers
  10 orc sorcerers
  A moth of wrath (shapeshifter) (Depths:3)
  26 deep elf zephyrmancers
  3 wolf spiders (Crypt:3)
  5 cyclopes
  7 manticores
  A fire giant zombie (D:15)
  37 ugly things
  4 will-o-the-wisps
  A stone giant zombie (Vaults:4)
  6 elephants (Lair:4)
  A frost giant skeleton (D:15)
  9 salamanders
  2 centaur zombies (Crypt:3)
  4 apis skeletons (Crypt:1)
  5 guardian serpents
  A rust devil (Depths:2)
  17 vault sentinels
  Maurice (D:8)
  A stone giant skeleton (Vaults:4)
  2 eyes of devastation (Depths:1)
  A naga zombie (Crypt:3)
  2 torpor snails
  18 naga magi
  3 gargoyles (D:12)
  35 black mambas
  13 cane toads
  An alligator snapping turtle zombie (Crypt:3)
  2 orange demons
  A smoke demon (Depths:2)
  2 unseen horrors
  21 yaktaurs
  4 komodo dragons
  7 rime drakes
  3 kobold demonologists
  A guardian mummy (D:15)
  An alligator snapping turtle skeleton (Crypt:1)
  5 freezing wraiths
  A pale draconian zombie (Crypt:1)
  A spriggan skeleton (D:15)
  A red draconian skeleton (Crypt:1)
  A tengu conjurer (Depths:3)
  3 harpy zombies (Crypt:3)
  A spectral human (Depths:3)
  A green draconian skeleton (Crypt:1)
  7 trolls
  A minotaur skeleton (Crypt:1)
  14 tyrant leeches
  A bloated husk (Swamp:3)
  3 meliai (D:13)
  28 slime creatures
  A tarantella (D:15)
  21 hornets
  2 polar bears
  7 dream sheep (Lair:5)
  18 blink frogs
  A radroach zombie (Crypt:1)
  4 jumping spiders
  5 water elementals
  A ynoxinul (Depths:2)
  4 air elementals
  7 shadows
  A culicivora (shapeshifter) (Elf:1)
  10 spriggans
  3 ushabtiu (Crypt:3)
  3 wyverns
  17 wraiths
  77 yaks
  A wind drake zombie (Crypt:2)
  A fire bat (D:14)
  An unseen horror simulacrum (D:9)
  A fire elemental (Elf:1)
  5 basilisks
  A neqoxec (Depths:2)
  A steam dragon (D:10)
  3 redbacks
  16 vampire mosquitoes
  An elf skeleton (Vaults:4)
  10 swamp worms
  3 wargs
  42 nagas
  15 water moccasins
  A human skeleton (Depths:2)
  A human simulacrum (Vaults:4)
  7 acid dragons
  3 floating eyes
  A hell hound (Depths:1)
  9 swamp drakes
  27 orc warriors
  A glowing shapeshifter skeleton (Depths:3)
  4 ice beasts
  6 black bears
  A golden eye zombie (Crypt:1)
  16 ogres
  17 wolves
  2 centaurs
  3 phantoms
  7 kobold brigands
  A rime drake skeleton (Crypt:2)
  13 necrophages
  A salamander skeleton (Crypt:2)
  16 bullfrogs
  2 gnoll sergeants
  A yaktaur skeleton (Crypt:2)
  7 wyvern skeletons (Crypt:3)
  4 scorpions
  An electric eel (D:9)
  3 howler monkeys
  2 lava snakes (Snake:2)
  3 crimson imps (Abyss:2)
  18 orc priests
  8 hounds
  3 gnoll boudas
  2 jellies
  Terence (D:2)
  23 orc wizards
  3 iguanas
  A centaur simulacrum (D:9)
  A killer bee simulacrum (D:9)
  15 gnolls
  8 adders
  A steam dragon skeleton (Crypt:2)
  A swamp drake skeleton (Crypt:2)
  12 white imps
  A howler monkey simulacrum (D:9)
  An ufetubus (Vaults:3)
  A lava snake skeleton (Crypt:1)
  3 dart slugs
  92 orcs
  A bat zombie (Crypt:2)
  4 endoplasms
  6 giant cockroaches
  7 hobgoblins
  7 jackals
  25 kobolds
  3 quokkas
  9 ball pythons
  18 bats
  4 frilled lizards
  A gnoll zombie (Crypt:2)
  4 goblins
  7 rats
  3 withered plants (Crypt:3)
1917 creatures vanquished.

Vanquished Creatures (collateral kills)
  The ghost of Teduw the Impregnable, a veteran MiGl of Hepliaklqana (Crypt:1)
  The ghost of yalue the Executioner, an adept MiFi of the Shining One (Crypt:1)
  A deep elf demonologist (Elf:3)
  An eidolon (Crypt:3)
  A deep elf death mage (Elf:3)
  A hydra (Lair:2)
  A death knight (Crypt:3)
  A deep elf knight (Elf:3)
  Lodul (D:11)
  3 skeletal warriors (Crypt:3)
  A deep elf archer (Elf:3)
  A deep elf pyromancer (Elf:3)
  A phantasmal warrior (Crypt:3)
  A wolf spider (Crypt:3)
  2 slime creatures (Vaults:1)
  A vault sentinel (Vaults:1)
  A yak (D:11)
  A shadow (D:11)
  2 ogres (D:11)
  A necrophage (Crypt:3)
24 creatures vanquished.

Vanquished Creatures (others)
  A fire giant (Depths:3)
  A red draconian (Depths:4)
  An eidolon (Crypt:3)
  An ice dragon (Depths:1)
  4 deep elf knights
  A wizard (Vaults:1)
  An unseen horror (D:12)
  2 bloated husks
  A yak (Lair:4)
  A spriggan (Swamp:4)
  A steam dragon (Lair:4)
  A warg (shapeshifter) (Vaults:1)
  A swamp drake (Swamp:4)
  2 orc warriors
  2 orc priests
  An orc wizard (Orc:1)
  4 briar patches (Swamp:4)
  A bush (Lair:3)
  24 foxfires
  79 fungi
  85 plants
  22 withered plants
237 creatures vanquished.

Grand Total: 2178 creatures vanquished

Notes
Turn   | Place    | Note
-------+----------+-------------------------------------------
     0 | D:1      | HawkII the Vine Stalker Fighter began the quest for the
                  | Orb.
     0 | D:1      | Reached XP level 1. HP: 11/11 MP: 2/2
   213 | D:1      | Reached XP level 2. HP: 16/16 MP: 3/3
   349 | D:1      | Reached skill level 3 in Shields
   528 | D:1      | Reached XP level 3. HP: 20/20 MP: 4/4
   581 | D:1      | Found a faded altar of an unknown god.
   716 | D:2      | Found a shimmering altar of Xom.
   750 | D:2      | Noticed Terence
   756 | D:2      | Killed Terence
   757 | D:2      | Gained mutation: Your natural rate of healing is unusually
                  | fast. [Vine Stalker growth]
   757 | D:2      | Reached XP level 4. HP: 18/24 MP: 3/5
  1935 | D:4      | Found a glowing drain.
  1947 | D:4      | Reached XP level 5. HP: 28/28 MP: 6/6
  2091 | D:4      | Noticed an ogre
  2107 | D:4      | Killed an ogre
  2108 | D:4      | Reached XP level 6. HP: 20/32 MP: 2/7
  2235 | D:4      | Noticed a black bear
  2241 | D:4      | Killed a black bear
  2242 | D:4      | Reached skill level 1 in Dodging
  2600 | D:4      | Found a bloodstained altar of Trog.
  2601 | D:4      | Found an ancient bone altar of Kikubaaqudgha.
  2658 | D:5      | Entered Level 5 of the Dungeon
  2706 | D:5      | Reached XP level 7. HP: 37/37 MP: 6/8
  2742 | D:5      | Reached skill level 1 in Evocations
  2829 | D:5      | Reached skill level 4 in Shields
  3202 | D:5      | Found Ewneolul's Book Boutique.
  3217 | D:5      | Gained mutation: You have razor-sharp teeth. [Vine Stalker
                  | growth]
  3217 | D:5      | Reached XP level 8. HP: 42/42 MP: 9/9
  3366 | D:5      | Reached skill level 5 in Long Blades
  3736 | D:6      | Found a broken altar of Ashenzari.
  4006 | D:6      | Reached skill level 5 in Armour
  4128 | D:6      | Found a staircase to the Ecumenical Temple.
  4172 | D:6      | Reached XP level 9. HP: 46/46 MP: 10/10
  4321 | D:6      | Found Paprecouto's Armour Shop.
  4331 | D:6      | Bought a +0 pair of gloves for 54 gold pieces
  4331 | D:6      | Bought a +0 helmet for 54 gold pieces
  4487 | D:6      | Reached skill level 5 in Fighting
  4721 | Temple   | Entered the Ecumenical Temple
  4791 | Temple   | Became a worshipper of Elyvilon the Healer
  4992 | D:7      | Reached * piety under Elyvilon
  5082 | D:7      | Reached skill level 5 in Shields
  5494 | D:7      | Reached ** piety under Elyvilon
  5901 | D:8      | Reached XP level 10. HP: 53/53 MP: 11/11
  6225 | D:8      | Found the +6 lightning scales {swift, rElec}
  6303 | D:8      | Noticed Maurice
  6352 | D:8      | Killed Maurice
  6704 | D:8      | Reached *** piety under Elyvilon
  7410 | D:9      | Found a burning altar of Makhleb.
  7552 | D:9      | Noticed a kobold demonologist
  7606 | D:9      | Killed a kobold demonologist
  7607 | D:9      | Reached skill level 1 in Stealth
  7795 | D:9      | Reached **** piety under Elyvilon
  8228 | D:10     | Entered Level 10 of the Dungeon
  8356 | D:10     | Found a staircase to the Orcish Mines.
  8427 | D:10     | Found Cocuisah's Assorted Antiques.
  8433 | D:10     | Bought a pair of embroidered gloves for 240 gold pieces
  8688 | D:10     | Found a runed translucent gate.
  8688 | D:10     | Found a runed translucent gate.
  8688 | D:10     | Found a runed translucent gate.
  8689 | D:10     | Found an opulent altar of Gozag.
  8690 | D:10     | Noticed a fire dragon
  8690 | D:10     | Noticed Frad's ghost (journeyman MiBe)
  8690 | D:10     | Noticed a gargoyle
  8691 | D:10     | Noticed a gargoyle
  8853 | D:10     | Reached XP level 11. HP: 48/58 MP: 10/12
  8969 | D:10     | Reached skill level 6 in Shields
  9320 | D:11     | Noticed Lodul
  9366 | D:11     | Noticed a two-headed ogre
  9366 | D:11     | Reached ***** piety under Elyvilon
  9549 | D:10     | Killed a two-headed ogre
  9550 | D:10     | Reached skill level 1 in Throwing
  9845 | D:11     | Found a staircase to the Lair.
  9898 | D:11     | Noticed a two-headed ogre
  9900 | D:11     | Noticed a two-headed ogre
  9927 | D:11     | Killed a two-headed ogre
  9928 | D:11     | Reached skill level 10 in Long Blades
  9946 | D:11     | Killed a two-headed ogre
 10587 | D:11     | Identified a scroll of acquirement
 10587 | D:11     | Acquired the ring of the Jackalope {rC+ EV+4}
 10595 | D:11     | Killed Lodul
 10686 | D:11     | Noticed a boulder beetle
 10727 | D:11     | Killed a boulder beetle
 10728 | D:11     | Reached XP level 12. HP: 49/64 MP: 10/13
 11169 | D:12     | Noticed a boulder beetle
 11194 | D:12     | Killed a boulder beetle
 11228 | D:12     | Noticed a great orb of eyes
 11302 | D:12     | Noticed a red very ugly thing
 11305 | D:12     | Found a transporter.
 11305 | D:12     | Found a transporter.
 11311 | D:12     | Noticed a sun demon
 11312 | D:12     | Found a one-way gate to the infinite horrors of the Abyss.
 11313 | D:12     | Noticed p0werm0de's ghost (journeyman PaCK)
 11359 | D:12     | Found a shadowy altar of Dithmenos.
 11468 | D:12     | Noticed a two-headed ogre
 11476 | D:12     | Killed a two-headed ogre
 11612 | D:12     | Noticed a five-headed hydra
 11624 | D:12     | Killed a six-headed hydra
 11643 | D:12     | Reached skill level 7 in Shields
 11854 | D:12     | Noticed a boulder beetle
 11866 | D:12     | Noticed a centaur warrior
 11867 | D:12     | Noticed a boulder beetle
 11869 | D:12     | HP: 2/65 [boulder beetle (41)]
 12356 | D:12     | Killed a centaur warrior
 12357 | D:12     | Reached skill level 1 in Staves
 12394 | D:12     | Reached XP level 13. HP: 69/70 MP: 14/14
 12569 | D:12     | Got the Almanac of Poisoning and Variation
 12570 | D:12     | Identified the +5 chain mail of Midnight {Drain Regen+
                  | Str+4 Dex+6}
 12817 | D:12     | Noticed a sphinx
 12817 | D:12     | Noticed a frost giant
 12818 | D:12     | Noticed a yaktaur captain
 12832 | D:12     | Killed a frost giant
 13067 | D:12     | Killed a sphinx
 13082 | D:12     | Killed a yaktaur captain
 13319 | D:13     | Identified the +10 long sword of Qaiddy {distort, rN+
                  | Will++ Str+3 Int+2}
 13475 | D:13     | Found a gate leading to a gauntlet.
 13690 | D:13     | Found a glowing golden altar of the Shining One.
 14499 | Lair:1   | Entered Level 1 of the Lair of Beasts
 14777 | Lair:1   | Reached skill level 5 in Dodging
 14826 | Lair:1   | Paralysed by a hornet for 2 turns
 14878 | Lair:1   | Reached ****** piety under Elyvilon
 15723 | Lair:2   | Noticed Harold
 15743 | Lair:2   | Killed Harold
 15744 | Lair:2   | Reached skill level 10 in Fighting
 15744 | Lair:2   | Reached XP level 14. HP: 62/77 MP: 13/15
 16137 | Lair:2   | You fall into a shaft and drop 1 floor!
 16271 | Lair:3   | Found a staircase to the Swamp.
 16282 | Lair:2   | Found a staircase to the Snake Pit.
 16469 | Lair:3   | Identified the +3 dagger of Ryodor {drain, rElec}
 16584 | Lair:3   | Got the Secrets of the Zephyr
 17418 | Lair:4   | Reached skill level 8 in Shields
 18000 | Lair:4   | Found a viscous altar of Jiyva.
 18026 | Lair:4   | Found a staircase to the Slime Pits.
 18462 | Lair:5   | Entered Level 5 of the Lair of Beasts
 18554 | Lair:5   | Reached XP level 15. HP: 53/81 MP: 13/16
 18898 | Lair:5   | Reached skill level 5 in Stealth
 19063 | Lair:5   | Reached skill level 9 in Shields
 19227 | Lair:5   | Reached skill level 1 in Invocations
 20356 | Lair:2   | Noticed Amaemon
 20369 | Lair:2   | Killed Amaemon
 20744 | Orc:1    | Entered Level 1 of the Orcish Mines
 21234 | Orc:1    | Noticed an orc warlord
 21296 | Orc:1    | Killed an orc warlord
 21351 | Orc:1    | Noticed an orc warlord
 21397 | Orc:1    | Killed an orc warlord
 21398 | Orc:1    | Reached skill level 10 in Armour
 21832 | Orc:2    | Entered Level 2 of the Orcish Mines
 21874 | Orc:2    | Found a staircase to the Elven Halls.
 21911 | Orc:2    | Noticed Snorg
 21927 | Orc:2    | Killed Snorg
 22318 | Orc:2    | Reached skill level 15 in Long Blades
 22383 | Orc:2    | Found Penem's Armour Emporium.
 22383 | Orc:2    | Found Arhes's Assorted Antiques.
 22386 | Orc:2    | Found Buwawudd's Assorted Antiques.
 22386 | Orc:2    | Found Latsenk's Antique Armour Boutique.
 22407 | Orc:2    | Bought a +0 kite shield for 76 gold pieces
 22441 | Orc:2    | Bought a glowing helmet for 187 gold pieces
 22457 | Orc:2    | Bought a glowing scimitar for 175 gold pieces
 22602 | Elf:1    | Entered Level 1 of the Elven Halls
 22629 | Elf:1    | Reached XP level 16. HP: 78/88 MP: 14/17
 23090 | Elf:1    | Paralysed by an air elemental for 1 turns
 23142 | Elf:1    | Noticed a deep elf master archer
 23142 | Elf:1    | Noticed a deep elf master archer
 23162 | Elf:1    | Killed a deep elf master archer
 23163 | Elf:1    | Reached skill level 10 in Shields
 23175 | Elf:1    | Killed a deep elf master archer
 23281 | Elf:1    | Identified the +3 leather armour of Time Monsters {rElec
                  | rC- Slay+4 SInv}
 23598 | Abyss:2  | Cast into level 2 of the Abyss (a deep elf demonologist)
 23644 | Elf:1    | Escaped the Abyss
 23852 | Elf:1    | Reached skill level 5 in Evocations
 23989 | Elf:1    | Found a runed translucent gate.
 23989 | Elf:1    | Found a runed translucent gate.
 23989 | Elf:1    | Found a runed translucent gate.
 23989 | Elf:1    | Found a runed translucent gate.
 23989 | Elf:1    | Found a runed translucent gate.
 23990 | Elf:1    | Found a runed translucent gate.
 23990 | Elf:1    | Noticed a storm dragon
 24398 | Elf:2    | Found a runed translucent gate.
 24398 | Elf:2    | Found a runed translucent gate.
 24399 | Elf:2    | Found a runed translucent gate.
 24463 | Elf:2    | Paralysed by an air elemental for 1 turns
 24552 | Elf:2    | Got Sif Muna's Compilation of Axaxaxas mlö
 24596 | Elf:2    | Got Ts'ui Pên's Grimoire of Forking Paths
 24617 | Elf:2    | Reached skill level 11 in Shields
 24665 | Elf:2    | Reached XP level 17. HP: 95/95 MP: 18/18
 24931 | Elf:3    | Entered Level 3 of the Elven Halls
 25051 | Elf:3    | Noticed a Tzitzimitl
 25164 | Elf:3    | Found Haobytab's Book Shoppe.
 25274 | Elf:3    | Noticed a deep elf blademaster
 25276 | Elf:3    | Noticed a deep elf blademaster
 25289 | Elf:3    | Killed a deep elf blademaster
 25686 | D:14     | Found a gate to the Vaults.
 25724 | D:14     | You fall into a shaft and drop 1 floor!
 25724 | D:15     | Entered Level 15 of the Dungeon
 25911 | D:14     | Found a runed translucent door.
 25936 | D:14     | Found a blossoming altar of Fedhas.
 25947 | D:14     | Found a shimmering altar of Xom.
 25957 | D:14     | Found a burning altar of Makhleb.
 25970 | D:14     | Found a bloodstained altar of Trog.
 25986 | D:14     | Found a sacrificial altar of Ru.
 26059 | D:14     | Found a hide-covered altar of Uskayaw.
 26345 | D:15     | Reached skill level 12 in Shields
 26436 | D:15     | Found a staircase to the Depths.
 26521 | D:15     | Noticed Nessos
 26608 | D:15     | Killed Nessos
 27026 | Elf:3    | Killed a deep elf blademaster
 27090 | Elf:3    | Paralysed by an air elemental for 1 turns
 27094 | Elf:3    | Paralysed by an air elemental for 1 turns
 27371 | Elf:3    | Identified the ring of Dacraole {*Slow Dex+7 Slay+4}
 27382 | Elf:3    | Noticed a deep elf master archer
 27382 | Elf:3    | Identified the amulet "Equsuys" {Reflect Str+4 SH+5}
 27383 | Elf:3    | Noticed a Tzitzimitl
 27383 | Elf:3    | Identified the ring "Izipil" {rN+ Str+5}
 27386 | Elf:3    | Noticed an Executioner
 27392 | Elf:3    | HP: 2/84 [deep elf death mage/bolt of negative energy (28)]
 27393 | Elf:3    | Elyvilon protects you from harm!
 27393 | Elf:3    | Elyvilon protects you from harm!
 27396 | Elf:3    | Elyvilon protects you from harm!
 27558 | Elf:3    | Noticed a deep elf master archer
 27581 | Elf:3    | Killed a deep elf master archer
 27587 | Elf:3    | Noticed an Executioner
 27605 | Elf:3    | Reached XP level 18. HP: 99/101 MP: 19/19
 27661 | Elf:3    | Killed a deep elf master archer
 27740 | Elf:3    | Reached skill level 13 in Shields
 27819 | Elf:3    | Got the Secrets of Chilled Heat
 27841 | Elf:3    | Identified the +1 pair of boots "Put-Me-On" {Regen+}
 28335 | Depths:1 | Entered Level 1 of the Depths
 29798 | Depths:1 | Paralysed by a sphinx for 2 turns
 29960 | Depths:1 | Reached skill level 14 in Shields
 30363 | Depths:1 | Found a gateway to Hell.
 30396 | Depths:1 | Found a transporter.
 30402 | Depths:1 | Found a transporter.
 30414 | Depths:1 | Found a transporter.
 30455 | Depths:1 | Found a transporter.
 30860 | Depths:2 | Reached XP level 19. HP: 107/107 MP: 20/20
 31088 | D:13     | Fell from the grace of Elyvilon
 31088 | D:13     | Became a worshipper of the Shining One
 31088 | D:13     | Reached * piety under the Shining One
 31088 | D:13     | Reached ** piety under the Shining One
 31088 | D:13     | Reached *** piety under the Shining One
 31088 | D:13     | Reached **** piety under the Shining One
 31385 | Depths:2 | Reached skill level 15 in Fighting
 31389 | Depths:2 | Found a one-way gate leading to the halls of Pandemonium.
 31480 | Depths:2 | Noticed a juggernaut
 31481 | Depths:2 | Noticed Swamplord's ghost (adept HOMo)
 31484 | Depths:2 | Found a bloodstained altar of Trog.
 31511 | Depths:2 | Found a transporter.
 31514 | Depths:2 | Found a transporter.
 31516 | Depths:2 | Identified the ring of Isayxus {Wiz Str+2}
 31708 | Depths:2 | Noticed Sojobo
 31731 | Depths:2 | Reached skill level 15 in Shields
 31732 | Depths:2 | Paralysed by an air elemental for 1 turns
 31736 | Depths:2 | Paralysed by an air elemental for 1 turns
 31745 | Depths:2 | Paralysed by an air elemental for 1 turns
 31948 | Depths:2 | Paralysed by an air elemental for 1 turns
 31953 | Depths:2 | Killed Sojobo
 32308 | Depths:2 | Reached ***** piety under the Shining One
 32435 | Depths:2 | Paralysed by a floating eye for 2 turns
 32442 | Depths:2 | Paralysed by a floating eye for 3 turns
 32702 | Depths:3 | Noticed a caustic shrike
 32713 | Depths:3 | Noticed a juggernaut
 32715 | Depths:3 | Killed a caustic shrike
 32763 | Depths:2 | Killed a juggernaut
 33624 | Depths:3 | Identified the +1 pair of gloves "Fail" {Regen+ Stlth+}
 33646 | Depths:3 | Identified the +1 scale mail "Fucitin" {Drain Int+4 Stlth+}
 33648 | Depths:3 | Identified the +4 morningstar of Qestrups {holy, rC++}
 33910 | Depths:3 | Noticed a juggernaut
 33912 | Depths:3 | Noticed a caustic shrike
 33930 | Depths:3 | Reached XP level 20. HP: 96/114 MP: 22/22
 33958 | Depths:3 | Killed a caustic shrike
 34009 | Depths:3 | Killed a juggernaut
 34191 | Depths:3 | Reached skill level 16 in Shields
 34240 | Depths:3 | Found the +9 staff of Wucad Mu {*channel}
 34249 | Depths:3 | Identified the +7 arbalest "Cubuifink" {penet, *Slow rC++
                  | Str+4 SInv}
 34253 | Depths:3 | Identified the +6 chain mail of Gravitas {Int+3 Stlth+}
 34394 | Depths:3 | Noticed Louise
 34439 | Depths:3 | Killed Louise
 34492 | Depths:3 | Identified the +4 mace of Dishonour {vorpal, rElec}
 34667 | Depths:3 | Identified the +3 leather armour of Laseoq {Slay+2}
 34875 | Depths:3 | Found Gucw's Book Emporium.
 34880 | Depths:3 | Found Lef Egeutt's Jewellery Boutique.
 34881 | Depths:3 | Found Roklungu's Book Emporium.
 34966 | Depths:3 | Found a hazy altar of Hepliaklqana.
 35138 | Depths:4 | Entered Level 4 of the Depths
 35221 | Depths:4 | Found a one-way gateway to a ziggurat.
 36205 | Depths:4 | Found a gate to the Realm of Zot.
 36851 | Snake:1  | Entered Level 1 of the Snake Pit
 36948 | Snake:1  | Noticed Aizul
 36964 | Snake:1  | Killed Aizul
 36968 | Snake:1  | Noticed Agnes
 36977 | Snake:1  | Killed Agnes
 37226 | Snake:1  | Found Tifae's Armour Emporium.
 37228 | Snake:1  | Found Efeil's Antique Weapon Shoppe.
 37230 | Snake:1  | Found Yniopt's Distillery.
 37706 | Snake:1  | Reached skill level 17 in Shields
 38184 | Temple   | Fell from the grace of the Shining One
 38184 | Temple   | Became a worshipper of Zin the Law-Giver
 38184 | Temple   | Reached * piety under Zin
 38184 | Temple   | Reached ** piety under Zin
 38184 | Temple   | Reached *** piety under Zin
 38184 | Temple   | Reached **** piety under Zin
 38457 | Snake:2  | Reached XP level 21. HP: 92/120 MP: 23/23
 38645 | Snake:2  | Reached skill level 10 in Dodging
 38808 | Snake:2  | You fall into a shaft and drop 1 floor!
 40882 | Snake:4  | Entered Level 4 of the Snake Pit
 41416 | Snake:4  | Reached skill level 18 in Shields
 41452 | Snake:4  | Reached ***** piety under Zin
 41628 | Snake:4  | Got a serpentine rune of Zot
 42153 | Swamp:1  | Entered Level 1 of the Swamp
 42708 | Swamp:2  | Noticed Nikola
 42730 | Swamp:2  | Killed Nikola
 43061 | Swamp:2  | Reached XP level 22. HP: 94/126 MP: 23/25
 43810 | Swamp:4  | Entered Level 4 of the Swamp
 44051 | Swamp:4  | Reached skill level 19 in Shields
 44174 | Swamp:4  | Noticed Donald
 44191 | Swamp:4  | Killed Donald
 44387 | Swamp:4  | Got a decaying rune of Zot
 45022 | Vaults:1 | Entered Level 1 of the Vaults
 45243 | Vaults:1 | You fall into a shaft and drop 1 floor!
 45403 | Vaults:2 | Found a staircase to the Crypt.
 46355 | Vaults:2 | Reached XP level 23. HP: 106/131 MP: 22/27
 46517 | Vaults:1 | Reached skill level 20 in Shields
 47356 | Vaults:1 | Identified the +3 leather armour "Muas" {+Inv rF+ rCorr}
 47359 | Vaults:1 | Reached ****** piety under Zin
 47559 | Vaults:1 | Paralysed by a sphinx for 5 turns
 47604 | Vaults:1 | Paralysed by a floating eye for 3 turns
 47612 | Vaults:1 | Paralysed by a floating eye for 4 turns
 47729 | Vaults:1 | Found the +3 crown of Dyrovepreva {rElec Int+2 SInv}
 48047 | Vaults:1 | Got Zuiguava's Essays on the Wind
 48314 | D:13     | Fell from the grace of Zin
 48314 | D:13     | Became a worshipper of the Shining One
 48486 | Crypt:1  | Entered Level 1 of the Crypt
 48546 | Crypt:1  | Found a runed translucent gate.
 48546 | Crypt:1  | Found a runed translucent gate.
 48546 | Crypt:1  | Found a runed translucent gate.
 48550 | Crypt:1  | Noticed yalue's ghost (adept MiFi)
 48550 | Crypt:1  | Noticed Teduw's ghost (veteran MiGl)
 48673 | Crypt:1  | Reached skill level 5 in Invocations
 49102 | Crypt:1  | Found a basalt altar of Yredelemnul.
 49391 | Crypt:2  | Reached XP level 24. HP: 132/136 MP: 29/30
 49566 | Crypt:2  | Reached ****** piety under the Shining One
 50027 | Crypt:3  | Entered Level 3 of the Crypt
 50126 | Crypt:3  | Identified a +9 eudemon blade of holy wrath (a +8 demon
                  | blade of distortion blessed by the Shining One)
 50126 | Crypt:3  | Received a gift from the Shining One
 50366 | Crypt:3  | Reached skill level 10 in Invocations
 50405 | Crypt:3  | Found a staircase to the Tomb.
 50405 | Crypt:3  | Noticed a royal mummy
 50418 | Crypt:3  | Killed a royal mummy
 50532 | Crypt:3  | Found a basalt altar of Yredelemnul.
 50959 | Crypt:3  | Identified the +12 shortbow of Ashenzari, Changing {venom,
                  | Str+2}
 51546 | Crypt:3  | Identified the ring "Omum" {Drain rPois Will++ rCorr Int+2}
 51763 | Crypt:1  | Killed yalue's ghost
 51772 | Crypt:1  | Killed Teduw's ghost
 51783 | Crypt:1  | Identified the +1 dagger "Mucy" {venom, rC++ Str+3 Int+4}
 51787 | Crypt:1  | Identified the +1 plate armour of the Demonic Hippo {Drain
                  | Fly rElec Slay+2}
 52157 | Temple   | Fell from the grace of the Shining One
 52157 | Temple   | Became a worshipper of Elyvilon the Healer
 52614 | Vaults:3 | Reached skill level 21 in Shields
 53809 | Vaults:4 | Found Otuziv's Magic Scroll Shoppe.
 53814 | Vaults:4 | Bought a scroll of enchant armour for 142 gold pieces
 53814 | Vaults:4 | Bought a scroll of teleportation for 57 gold pieces
 53814 | Vaults:4 | Bought a scroll of immolation for 76 gold pieces
 53814 | Vaults:4 | Bought a scroll of blinking for 142 gold pieces
 53977 | Vaults:4 | Reached XP level 25. HP: 142/142 MP: 33/33
 54802 | Vaults:5 | Entered Level 5 of the Vaults
 54826 | Vaults:5 | Elyvilon protects you from harm!
 54829 | Vaults:5 | Killed from afar by a war gargoyle

Illustrated notes

Levels and vault maps discovered:
D:1:      mrwooster_arrival_statue_2, layout_loops_ring,
          ebering_ecumenical_altar_abandoned
D:2:      layout_loops_ring, basic_altar, kennysheep_flooded_box, minivault_14,
          minmay_misc_feat_plants, uniq_terence
D:3:      layout_rooms, amethyst_killhole, ebering_dispersal_statue_hall
D:4:      layout_basic, minitemple, gup_sewer_entry_bubbles
D:5:      black_bear_nest_2, layout_basic, serial_shops, shop
D:6:      minmay_bubble_buster, layout_loops_cross,
          ashenzari_conservatory_becter, minmay_temple_entry_mist, serial_shops,
          nicolae_lakefront_shop
D:7:      layout_layer_cave, minmay_misc_feat_tiny
D:8:      layout_layer_cave, enter_bailey_2, lemuel_flame_loot_1, uniq_maurice
D:9:      layout_irregular_city, mainiacjoe_overflow_concentric_impassable,
          serial_ice, serial_ice_h, serial_ice_b, serial_ice_j, serial_ice_g
D:10:     layout_basic, orc_0_dummy, ebering_ghost_gozag, serial_shops, shop,
          moated_statue
D:11:     layout_small_grid, due_lair_maze_entry_diamond, uniq_lodul
D:12:     kennysheep_snake, layout_loops_ring, gammafunk_ghost_abyssal_escape,
          grunt_dithmenos_smoke
D:13:     layout_irregular_city, gauntlet_entry_generic,
          nicolae_tso_carved_into_rock
D:14:     due_megacathedral, layout_rooms, kennysheep_decorative_pillar
D:15:     gammafunk_depths_entry_grave, layout_basic,
          hangedman_decor_clover_reticule, portal_ice_cave_entry_dragon,
          uniq_nessos
Temple:   dpeg_three_leaves_temple
Lair:1:   layout_layer_cave, dreamdust_wasp_nest
Lair:2:   layout_chaotic_city, guppyfry_snake_entry_garden, lemuel_fruit_tree,
          uniq_amaemon, uniq_harold
Lair:3:   layout_cave_pods, minmay_swamp_entry_worms
Lair:4:   layout_cave_shapes, slime_entry_1, guppyfry_lair_drakes,
          grunt_megastairs_1, infiniplex_staircase_pool
Lair:5:   evilmike_catoblepas_cave, layout_hall_layers, serial_rivers,
          chequers_serial_rivers_room_b, chequers_serial_rivers_small_3,
          chequers_serial_rivers_large_a, chequers_serial_rivers_small_a,
          chequers_serial_rivers_micro_e, chequers_serial_rivers_micro_d,
          nicolae_lair_grove_arrangements
Swamp:1:  layout_basic_swamp, evilmike_swamp_ruin_house_5
Swamp:2:  layout_falls_marsh, evilmike_swamp_ruin_house_4, uniq_nikola
Swamp:3:  layout_falls_marsh, evilmike_swamp_ruin_rubble_1, swamp_pool3
Swamp:4:  swamp_alternative, layout_basic_swamp, swamp_pool2,
          nicolae_swamp_bunyip_nook, uniq_donald
Snake:1:  layout_layer_cave, minmay_shop_star, uniq_agnes, uniq_aizul
Snake:2:  layout_basic, serial_bayou_shore_b
Snake:3:  layout_honeycomb
Snake:4:  grunt_snake_rune_pools, layout_cave_town, serial_bayou_shore_a
Orc:1:    layout_caves, enter_volcano_1, minmay_orc_barracks
Orc:2:    st_orc_elflike, layout_caves, basic_altar, uniq_snorg
Elf:1:    layout_loops_ring, orc_legates, corexii_leaking_fountain,
          nicolae_elf_martial_mastery
Elf:2:    elven_hall_of_blades_hangedman_original
          [nicolae_blade_entry_antechamber], layout_loops_cross,
          bh_hangedman_babel_library, uniq_saint_roka
Elf:3:    elf_hall, layout_geoelf_octagon, serial_shops, shop
Vaults:1: st_greater_box_1, nicolae_vaults_alarming,
          ontoclasm_vaults_ring_small, nicolae_vaults_angled_halls, v_misc_29,
          v_alt_pattern_1, nicolae_vaults_circle_grid_a,
          vaults_standard_mumra_x, hangedman_vaults_river_flow,
          hangedman_vaults_locks, nicolae_vaults_what_the_h,
          ontoclasm_vaults_idyll, ontoclasm_vaults_gateway, vaults_dpeg_cross,
          layout_vaults_maze
Vaults:2: minmay_crypt_entry_simple_corners, ontoclasm_vaults_shout,
          v_pattern_2, hangedman_vaults_nodes, vaults_dpeg_doors,
          ontoclasm_vaults_twist, nicolae_vaults_little_squares_4,
          vaults_dpeg_ring, layout_vaults_omnigrid
Vaults:3: nicolae_vaults_little_squares_4, vaults_room_hangedman_quadrants,
          v_misc_32, nicolae_vaults_specimen_jars,
          vaults_standard_mumra_enter_the_diamond,
          nicolae_vaults_little_squares_1, v_misc_27,
          vaults_standard_mumra_enter_the_diamond,
          vaults_standard_mumra_enter_the_diamond, v_misc_22,
          ontoclasm_vaults_loading_screen, vaults_mumra_hex, serial_ice_g,
          layout_vaults_omnibox
Vaults:4: v_misc_10, vaults_room_fancy_cross, v_misc_18, vaults_room_door_ring,
          grunt_vaults_focal, vaults_dpeg_encased_lava,
          layout_vaults_chaotic_city, serial_shops, nicolae_shop_hallway_stairs
Vaults:5: serial_shops
Crypt:1:  layout_catacombs, gammafunk_ghost_cemetery, hangedman_blasphemy,
          lemuel_upstairs_altar
Crypt:2:  layout_catacombs
Crypt:3:  evilmike_haunted_forest
Depths:1: dreamdust_hydra_shepherd, layout_cave_shapes, minmay_fountain_box,
          nicolae_hell_entry_hellmouth_sunbeams, grunt_decor_arrowhead,
          chequers_serial_rivers_small_3, minmay_strange_pillars,
          nicolae_transporter_intersection
Depths:2: minmay_connected_triangles_in_corner, layout_gridlike, hell_entry,
          rand_demon_pan_entry_7, nrook_uturn,
          gammafunk_ghost_wrathful_warriors, kennysheep_path_1, firewood_loft,
          minmay_staircase_statues, uniq_sojobo
Depths:3: little_maze_vault, layout_basic, hell_entry,
          nicolae_abyss_entry_one_way_or_another, reono_crystal_passage,
          nicolae_hepliaklqana_monster_ancestors, kennysheep_random_hallway,
          minmay_shop_grove
Depths:4: grunt_twist_and_shout, layout_basic, enter_ziggurat_d, hell_entry,
          abyss_entry, nrook_mini_vaults

Skill      XL: |  1  2  3  4  5  6  7  8  9 10 11 12 13 14 15 16 17 18 19 20 21 22 23 24 25 |
---------------+----------------------------------------------------------------------------+-----
Shields        | 3 4 5 6 7 8 9 11 12 14 15 17 18 19 20 21 | 21.7
Fighting       | 3 4 5 6 7 8 10 11 13 14 15 16 17 18 | 18.5
Long Blades    | 2 3 4 6 8 9 10 11 13 14 15 16 17 18 19 | 19.9
Armour         | 3 4 5 6 8 9 10 11 12 13 14 | 14.2
Dodging        | 1 2 3 4 5 7 8 9 10 11 | 11.4
Evocations     | 1 2 3 4 5 6 |  6.2
Stealth        | 1 2 4 6 7 |  7.0
Throwing       | 2 |  2.9
Staves         | 1 |  1.8
Invocations    | 1 2 3 4 8 13 | 13.4
Short Blades   | |  0.6

Action                   |  1- 3 |  4- 6 |  7- 9 | 10-12 | 13-15 | 16-18 | 19-21 | 22-24 | 25-27 || total
-------------------------+-------+-------+-------+-------+-------+-------+-------+-------+-------++-------
Melee: Long sword        |    65 |   136 |   402 |   764 |  1785 |       |       |       |       ||  3152
       Bite              |     9 |    25 |   108 |   319 |   899 |   674 |  1003 |  1284 |    94 ||  4415
       Staff             |       |       |       |    40 |    33 |       |       |       |       ||    73
       Dagger            |       |       |       |       |    16 |       |       |       |       ||    16
       Scimitar          |       |       |       |       |    17 |  1368 |  1785 |   456 |       ||  3626
       Double sword      |       |       |       |       |       |       |       |  1498 |   165 ||  1663
       Eudemon blade     |       |       |       |       |       |       |       |   294 |       ||   294
Throw: Dart              |       |       |       |    35 |     5 |       |       |       |       ||    40
       Boomerang         |       |       |       |     2 |       |       |       |       |       ||     2
       Throwing net      |       |       |       |       |     3 |       |       |       |       ||     3
Invok: Purification      |       |       |       |     1 |     6 |     5 |       |       |       ||    12
       Divine Shield     |       |       |       |       |       |       |    10 |     9 |       ||    19
       Vitalisation      |       |       |       |       |       |       |    18 |    27 |       ||    45
       Recite            |       |       |       |       |       |       |     4 |     3 |       ||     7
       Cleansing Flame   |       |       |       |       |       |       |       |    12 |       ||    12
       Summon Divine War |       |       |       |       |       |       |       |     2 |       ||     2
       Brand Weapon With |       |       |       |       |       |       |       |     1 |       ||     1
       Divine Vigour     |       |       |       |       |       |       |       |       |     2 ||     2
Evoke: Wand              |       |     9 |    15 |     3 |    23 |     7 |     3 |     1 |       ||    61
       Lightning rod     |       |       |       |     7 |    21 |    11 |    20 |    11 |       ||    70
       Phial of floods   |       |       |       |       |     4 |     2 |     3 |     1 |       ||    10
       Phantom mirror    |       |       |       |       |     2 |     2 |     2 |     2 |       ||     8
  Use: Potion            |     1 |       |     2 |     2 |     2 |     3 |     2 |       |     1 ||    13
       Scroll            |       |     1 |     7 |    21 |    22 |    17 |     4 |    17 |     3 ||    92
 Stab: Sleeping          |       |       |       |       |    10 |       |       |     2 |       ||    12
       Distracted        |       |       |       |       |     4 |     2 |       |     1 |       ||     7
       Held in net/web   |       |       |       |       |     2 |       |       |       |       ||     2
       Petrified         |       |       |       |       |     3 |       |       |       |       ||     3
       Invisible         |       |       |       |       |       |     4 |       |       |       ||     4
       Confused          |       |       |       |       |       |       |       |     2 |       ||     2
Armor: Scale mail        |    30 |    60 |   250 |    84 |       |       |       |       |       ||   424
       Skin              |       |       |     2 |    18 |       |       |       |       |       ||    20
       Chain mail        |       |       |       |   464 |    77 |   540 |   554 |   897 |    73 ||  2605
       Acid dragon scale |       |       |       |    15 |   449 |       |       |       |       ||   464
Dodge: Dodged            |    28 |    70 |   174 |   301 |  1160 |   834 |   988 |  1594 |    59 ||  5208
       Repelled          |       |       |       |       |       |    13 |    59 |    14 |       ||    86
Block: Buckler           |    21 |    43 |    99 |   217 |   440 |       |       |       |       ||   820
       Kite shield       |       |       |       |       |     7 |    55 |       |       |       ||    62
       Tower shield      |       |       |       |       |       |  1336 |  2078 |  3219 |   209 ||  6842
       Reflection        |       |       |       |       |       |     1 |       |       |       ||     1
